APL (24 & UNDER)
KENOSHA KINGFISH @ NASHUA REDLEGS
06/18/2027
 
TOP OF THE 1ST
Kenosha Kingfish batting - Pitching for Nashua Redlegs : RHP Carlos Rodríguez
Pitching: RHP Carlos Rodríguez
Batting: RHB Manuel Gómez 0-0: Ball
1-0: Ball
2-0: Ball
3-0: Base on Balls
Batting: SHB John Beach 0-0: Called Strike
0-1: Swinging Strike
0-2: Ball
1-2: Ball
2-2: Foul Ball, location: 2F
2-2: Ball
Manuel Gómez steals 2nd base
3-2: Foul Ball, location: 2F
3-2: Base on Balls
Batting: LHB Jon Quinn 0-0: Ball
1-0: Ball
2-0: Foul Ball, location: 2F
2-1: Ball
3-1: Base on Balls
Manuel Gómez to third
John Beach to second
Batting: LHB Davey Casey 0-0: Swinging Strike
0-1: SINGLE (Groundball, 34S) (infield hit)
Manuel Gómez scores
John Beach to third
Jon Quinn to second
Batting: RHB Sergio Mata 0-0: Foul Ball, location: 2F
0-1: Ball
1-1: Foul Ball, location: 2F
1-2: Foul Ball, location: 2F
1-2: SINGLE (Groundball, 6MD)
John Beach scores
Jon Quinn to third
Davey Casey to second
Batting: SHB Devin Smith 0-0: Called Strike
0-1: Foul Ball, location: 2F
0-2: SINGLE (Groundball, 34D)
Jon Quinn scores
Davey Casey to third
Sergio Mata to second
Batting: LHB Dusty Wilson 0-0: Ball
1-0: Ball
2-0: Ball
3-0: Base on Balls
Davey Casey scores
Sergio Mata to third
Devin Smith to second
Batting: RHB Bob Lee 0-0: Foul Ball, location: 2F
0-1: Foul Ball, location: 2F
0-2: Ball
1-2: Ball
2-2: Fly out, F8 (Flyball, 89XD)
Runner from 3rd tags up, SCORES, no throw
Devin Smith to third
Batting: RHB Tommy Davenport 0-0: Called Strike
0-1: Ball
1-1: Foul Ball, location: 2F
1-2: Foul Ball, location: 2F
1-2: Ball
2-2: Strikes out looking
Batting: RHB Manuel Gómez 0-0: Called Strike
Dusty Wilson steals 2nd base
0-1: SINGLE (Groundball, 56D)
Devin Smith scores
Dusty Wilson to third
Runner from 3rd tries for Home, SAFE, no throw
Batting: SHB John Beach 0-0: SINGLE (Groundball, 4MD)
Manuel Gómez to second
Runner from 2nd tries for 3rd, SAFE after rundown.
Batting: LHB Jon Quinn 0-0: SINGLE (Groundball, 34D)
Manuel Gómez scores
John Beach to second
Runner from 2nd tries for 3rd, SAFE, throw made to third
Pitching: LHP Salvatorio Navegero
Batting: LHB Davey Casey 0-0: Ball
1-0: Ball
2-0: Ball
3-0: Base on Balls
Jon Quinn to second
Batting: RHB Sergio Mata 0-0: Ball
1-0: SINGLE (Groundball, 6S) (infield hit)
John Beach scores
Jon Quinn to third
Davey Casey to second
Batting: SHB Devin Smith 0-0: Ball
1-0: Ball
2-0: Swinging Strike
2-1: Swinging Strike
2-2: Reached on error, E5 (Groundball, 56)
Jon Quinn scores
Davey Casey to third
Sergio Mata to second
Batting: LHB Dusty Wilson 0-0: Swinging Strike
0-1: Called Strike
0-2: Ball
1-2: Fly out, F4 (Popup, 34)
Top of the 1st over - 10 run(s), 7 hit(s), 1 error(s), 3 left on base; Kenosha 10 - Nashua 0
BOTTOM OF THE 1ST
Nashua Redlegs batting - Pitching for Kenosha Kingfish : RHP Matt Hoffman
Pitching: RHP Matt Hoffman
Batting: SHB Ryan Holcomb 0-0: Called Strike
0-1: Ball
1-1: Fly out, F2 (Popup, 13S)
Batting: RHB Spencer Pritchett 0-0: Ball
1-0: Called Strike
1-1: Foul Ball, location: 2F
1-2: Fly out, F6 (Popup, 56D)
Batting: RHB Currito Campos 0-0: Fly out, F7 (Flyball, 7)
Bottom of the 1st over - 0 run(s), 0 hit(s), 0 error(s), 0 left on base; Kenosha 10 - Nashua 0
TOP OF THE 2ND
Kenosha Kingfish batting - Pitching for Nashua Redlegs : LHP Salvatorio Navegero
Batting: RHB Bob Lee 0-0: Called Strike
0-1: Swinging Strike
0-2: Strikes out swinging
Batting: RHB Tommy Davenport 0-0: Fly out, F4 (Popup, 4D)
Batting: RHB Manuel Gómez 0-0: Called Strike
0-1: Swinging Strike
0-2: Ball
1-2: Ball
2-2: Foul Ball, location: 2F
2-2: Ball
3-2: Foul Ball, location: 2F
3-2: Base on Balls
Batting: SHB John Beach 0-0: Ball
1-0: Called Strike
1-1: SINGLE (Flyball, 7S)
Manuel Gómez to second
Runner from 2nd tries for 3rd, SAFE, throw made to third
Batting: LHB Jon Quinn 0-0: Ball
1-0: Ball
2-0: Swinging Strike
2-1: Ball
3-1: Base on Balls
John Beach to second
Batting: LHB Davey Casey 0-0: Foul Ball, location: 2F
0-1: Ball
1-1: DOUBLE (Line Drive, 89S)
Manuel Gómez scores
John Beach scores
Jon Quinn to third
Runner from 3rd tries for Home, throw and OUT!
Top of the 2nd over - 2 run(s), 2 hit(s), 0 error(s), 1 left on base; Kenosha 12 - Nashua 0
BOTTOM OF THE 2ND
Nashua Redlegs batting - Pitching for Kenosha Kingfish : RHP Matt Hoffman
Batting: RHB Eleuterio Supardo 0-0: Ball
1-0: Called Strike
1-1: Called Strike
1-2: Foul Ball, location: 2F
1-2: Ball
2-2: Fly out, F8 (Flyball, 78M)
Batting: RHB Joe Noble 0-0: SINGLE (Groundball, 34D)
Batting: RHB Manny Herrera 0-0: Ball
1-0: Ball
2-0: Ball
3-0: Base on Balls
Joe Noble to second
Batting: RHB José García 0-0: Called Strike
0-1: SINGLE (Groundball, 34D)
Joe Noble to third
Manny Herrera to second
Runner from 3rd tries for Home, SAFE, throw made at trailing runner, OUT at third!
Batting: SHB José Flores 0-0: Ball
1-0: Ball
2-0: Foul Ball, location: 2F
2-1: Foul Ball, location: 2F
2-2: Strikes out swinging
Bottom of the 2nd over - 1 run(s), 2 hit(s), 0 error(s), 1 left on base; Kenosha 12 - Nashua 1
TOP OF THE 3RD
Kenosha Kingfish batting - Pitching for Nashua Redlegs : LHP Salvatorio Navegero
Batting: RHB Sergio Mata 0-0: Foul Ball, location: 2F
0-1: Swinging Strike
0-2: Ball
1-2: Strikes out swinging
Pitching: RHP Raúl García
Batting: SHB Devin Smith 0-0: SOLO HOME RUN (Line Drive, 9D), Distance : 376 ft
Batting: LHB Dusty Wilson 0-0: Ball
1-0: Called Strike
1-1: Foul Ball, location: 2F
1-2: Ball
2-2: Ball
3-2: Ground out 3-1 (Groundball, 34)
Batting: RHB Bob Lee 0-0: Ball
1-0: Ball
2-0: Foul Ball, location: 2F
2-1: Ball
3-1: Fly out, F9 (Line Drive, 9)
Top of the 3rd over - 1 run(s), 1 hit(s), 0 error(s), 0 left on base; Kenosha 13 - Nashua 1
BOTTOM OF THE 3RD
Nashua Redlegs batting - Pitching for Kenosha Kingfish : RHP Matt Hoffman
Batting: RHB Katsuhito Ohayashi 0-0: Foul Ball, location: 2F
0-1: Called Strike
0-2: Foul Ball, location: 2F
0-2: Ball
1-2: Foul Ball, location: 2F
1-2: Ball
2-2: Ball
3-2: Strikes out swinging
Batting: SHB Ryan Holcomb 0-0: Foul Ball, location: 2F
0-1: Swinging Strike
0-2: Strikes out swinging
Batting: RHB Spencer Pritchett 0-0: Called Strike
0-1: SINGLE (Line Drive, 78S)
Batting: RHB Currito Campos 0-0: Ball
1-0: Fielders Choice at 2nd, 5-4 (Groundball, 56)
Bottom of the 3rd over - 0 run(s), 1 hit(s), 0 error(s), 0 left on base; Kenosha 13 - Nashua 1
TOP OF THE 4TH
Kenosha Kingfish batting - Pitching for Nashua Redlegs : RHP Raúl García
Batting: RHB Tommy Davenport 0-0: SINGLE (Groundball, 6MD)
Batting: RHB Manuel Gómez 0-0: Called Strike
0-1: Ball
1-1: Foul Ball, location: 2F
1-2: DOUBLE (Line Drive, 89D)
Tommy Davenport to third
Batting: SHB John Beach 0-0: Called Strike
0-1: Foul Ball, location: 2F
0-2: Foul Ball, location: 2F
0-2: Strikes out swinging
Batting: LHB Jon Quinn 0-0: Ball
1-0: Ball
2-0: Foul Ball, location: 2F
2-1: Ball
3-1: Swinging Strike
3-2: Base on Balls
Batting: LHB Davey Casey 0-0: Called Strike
0-1: Ball
1-1: Swinging Strike
1-2: Strikes out looking
Batting: RHB Sergio Mata 0-0: Foul Ball, location: 2F
0-1: Hit by Pitch
Tommy Davenport scores
Manuel Gómez to third
Jon Quinn to second
Batting: SHB Devin Smith 0-0: Swinging Strike
0-1: Ground out 4-3 (Groundball, 4D)
Top of the 4th over - 1 run(s), 2 hit(s), 0 error(s), 3 left on base; Kenosha 14 - Nashua 1
BOTTOM OF THE 4TH
Nashua Redlegs batting - Pitching for Kenosha Kingfish : RHP Matt Hoffman
Batting: RHB Eleuterio Supardo 0-0: Called Strike
0-1: Fly out, F9 (Line Drive, 89M)
Batting: RHB Joe Noble 0-0: Ball
1-0: Fly out, F6 (Line Drive, 6M)
Batting: RHB Manny Herrera 0-0: Ball
1-0: Foul Ball, location: 2F
1-1: Ball
2-1: Swinging Strike
2-2: Strikes out swinging
Bottom of the 4th over - 0 run(s), 0 hit(s), 0 error(s), 0 left on base; Kenosha 14 - Nashua 1
TOP OF THE 5TH
Kenosha Kingfish batting - Pitching for Nashua Redlegs : RHP Raúl García
Batting: LHB Dusty Wilson 0-0: Foul Ball, location: 2F
0-1: Ball
1-1: Ground out 6-3 (Groundball, 6M)
Batting: RHB Bob Lee 0-0: Ball
1-0: Called Strike
1-1: SOLO HOME RUN (Flyball, 89XD), Distance : 408 ft
Pitching: RHP Miguel Rodríguez
Batting: RHB Tommy Davenport 0-0: Ball
1-0: Called Strike
1-1: Ball
2-1: Ground out 6-3 (Groundball, 6)
Batting: RHB Manuel Gómez 0-0: Called Strike
0-1: Ball
1-1: Called Strike
1-2: Fly out, F9 (Flyball, 9LSF)
Top of the 5th over - 1 run(s), 1 hit(s), 0 error(s), 0 left on base; Kenosha 15 - Nashua 1
BOTTOM OF THE 5TH
Nashua Redlegs batting - Pitching for Kenosha Kingfish : RHP Matt Hoffman
Batting: RHB José García 0-0: Ground out 4-3 (Groundball, 4)
Batting: SHB José Flores 0-0: Swinging Strike
0-1: Ball
1-1: Swinging Strike
1-2: Ball
2-2: SINGLE (Line Drive, 7S)
Batting: RHB Katsuhito Ohayashi 0-0: Called Strike
0-1: Ball
1-1: Ball
2-1: Ball
3-1: Base on Balls
José Flores to second
Batting: SHB Ryan Holcomb 0-0: Fly out, F7 (Flyball, 7S)
Batting: RHB Spencer Pritchett 0-0: Swinging Strike
0-1: Ball
1-1: Foul Ball, location: 2F
1-2: Ball
2-2: Ball
3-2: SINGLE (Line Drive, 78S)
José Flores to third
Katsuhito Ohayashi to second
José Flores scores
Katsuhito Ohayashi to third
Batting: RHB Currito Campos 0-0: Fly out, F8 (Flyball, 8RM)
Bottom of the 5th over - 1 run(s), 2 hit(s), 0 error(s), 2 left on base; Kenosha 15 - Nashua 2
TOP OF THE 6TH
Kenosha Kingfish batting - Pitching for Nashua Redlegs : RHP Miguel Rodríguez
Batting: SHB John Beach 0-0: Ball
1-0: Called Strike
1-1: Ball
2-1: Ball
3-1: Called Strike
3-2: Base on Balls
Batting: LHB Jon Quinn 0-0: Ball
1-0: Swinging Strike
1-1: Foul Ball, location: 2F
1-2: Fielders Choice at 2nd, 1-6 (Groundball, 13)
Batting: LHB Davey Casey 0-0: Called Strike
0-1: Ball
1-1: Ball
2-1: Ball
3-1: Base on Balls
Jon Quinn to second
Batting: RHB Sergio Mata 0-0: Fly out, F8 (Flyball, 89M)
Batting: SHB Devin Smith 0-0: Ball
1-0: Swinging Strike
1-1: Called Strike
1-2: SINGLE (Line Drive, 56D)
Jon Quinn to third
Davey Casey to second
Runner from 3rd tries for Home, SAFE, no throw
Batting: LHB Dusty Wilson 0-0: Called Strike
0-1: Ball
1-1: Foul Ball, location: 2F
1-2: Ball
2-2: Ball
3-2: Fly out, F7 (Flyball, 7)
Top of the 6th over - 1 run(s), 1 hit(s), 0 error(s), 2 left on base; Kenosha 16 - Nashua 2
BOTTOM OF THE 6TH
Nashua Redlegs batting - Pitching for Kenosha Kingfish : RHP Matt Hoffman
Batting: RHB Eleuterio Supardo 0-0: Ball
1-0: Ball
2-0: Called Strike
2-1: Ground out 1-3 (Groundball, 13S)
Batting: RHB Joe Noble 0-0: Called Strike
0-1: Fly out, F8 (Flyball, 8RM)
Batting: RHB Manny Herrera 0-0: Ball
1-0: Called Strike
1-1: Foul Ball, location: 2F
1-2: Foul Ball, location: 2F
1-2: Ball
2-2: Foul Ball, location: 2F
2-2: Strikes out looking
Bottom of the 6th over - 0 run(s), 0 hit(s), 0 error(s), 0 left on base; Kenosha 16 - Nashua 2
TOP OF THE 7TH
Kenosha Kingfish batting - Pitching for Nashua Redlegs : RHP Miguel Rodríguez
Batting: RHB Bob Lee 0-0: Called Strike
0-1: Ball
1-1: Called Strike
1-2: Ball
2-2: Ball
3-2: Base on Balls
Batting: RHB Tommy Davenport 0-0: Swinging Strike
0-1: Foul Ball, location: 2F
0-2: Ball
1-2: Ball
2-2: Ball
3-2: Foul Ball, location: 2F
3-2: DOUBLE (Line Drive, 8LD)
Bob Lee to third
Bob Lee scores
Batting: RHB Manuel Gómez 0-0: Ball
1-0: Ground out 1-3 (Groundball, 15S)
Batting: SHB John Beach 0-0: Ball
1-0: Foul Ball, location: 2F
1-1: Foul Ball, location: 2F
1-2: Ball
2-2: Foul Ball, location: 2F
2-2: Strikes out swinging
Batting: LHB Jon Quinn 0-0: Ball
1-0: 2-RUN HOME RUN (Line Drive, 9LD), Distance : 345 ft
Pitching: RHP José Rivas
Batting: LHB Davey Casey 0-0: Called Strike
0-1: Swinging Strike
0-2: SINGLE (Groundball, 56D)
Batting: RHB Sergio Mata 0-0: Ball
Davey Casey is caught stealing 2nd base
Top of the 7th over - 3 run(s), 3 hit(s), 0 error(s), 0 left on base; Kenosha 19 - Nashua 2
BOTTOM OF THE 7TH
Nashua Redlegs batting - Pitching for Kenosha Kingfish : RHP Matt Hoffman
Batting: RHB José García 0-0: Ground out 6-3 (Groundball, 6)
Batting: SHB José Flores 0-0: SINGLE (Groundball, 4M) (infield hit)
Batting: RHB Katsuhito Ohayashi 0-0: Swinging Strike
0-1: Fielders Choice at 2nd, 1-6 (Groundball, P)
Pitching: RHP Aubrey Hudson
Batting: SHB Ryan Holcomb 0-0: Called Strike
Katsuhito Ohayashi steals 2nd base
0-1: Ground out 6-3 (Groundball, 6M)
Bottom of the 7th over - 0 run(s), 1 hit(s), 0 error(s), 1 left on base; Kenosha 19 - Nashua 2
TOP OF THE 8TH
Kenosha Kingfish batting - Pitching for Nashua Redlegs : RHP José Rivas
Batting: RHB Sergio Mata 0-0: Ball
1-0: Foul Ball, location: 2F
1-1: SINGLE (Flyball, 7S)
Batting: SHB Devin Smith 0-0: 2-RUN HOME RUN (Flyball, 9D), Distance : 369 ft
Batting: LHB Dusty Wilson 0-0: Ball
1-0: Ball
2-0: Called Strike
2-1: Ball
3-1: Base on Balls
Batting: RHB Bob Lee 0-0: Ball
1-0: SINGLE (Groundball, 6D)
Dusty Wilson to second
Batting: RHB Tommy Davenport 0-0: Called Strike
0-1: Foul Ball, location: 2F
0-2: Ball
1-2: Strikes out looking
Batting: RHB Manuel Gómez 0-0: Called Strike
0-1: Called Strike
Dusty Wilson steals 3rd base
Bob Lee to second
0-2: Fly out, F9 (Flyball, 9LSF)
Runner from 3rd tags up, SCORES, no throw
Batting: SHB John Beach 0-0: Ball
1-0: Foul Ball, location: 2F
1-1: DOUBLE (Flyball, 7D)
Bob Lee scores
Pitching: RHP Raúl Vallejo
Batting: LHB Jon Quinn 0-0: Ball
1-0: Swinging Strike
1-1: Ball
2-1: Fly out, F7 (Flyball, 7LD)
Top of the 8th over - 4 run(s), 4 hit(s), 0 error(s), 1 left on base; Kenosha 23 - Nashua 2
BOTTOM OF THE 8TH
Nashua Redlegs batting - Pitching for Kenosha Kingfish : RHP Aubrey Hudson
Batting: RHB Spencer Pritchett 0-0: Foul Ball, location: 2F
0-1: Foul Ball, location: 2F
0-2: Ball
1-2: Strikes out looking
Batting: RHB Currito Campos 0-0: Ball
1-0: Swinging Strike
1-1: Swinging Strike
1-2: Foul Ball, location: 2F
1-2: Strikes out looking
Batting: RHB Eleuterio Supardo 0-0: Called Strike
0-1: Ball
1-1: Ball
2-1: Ball
3-1: Hit by Pitch
Batting: RHB Joe Noble 0-0: Ball
1-0: Ball
2-0: Called Strike
2-1: Ball
3-1: Called Strike
3-2: Base on Balls
Eleuterio Supardo to second
Batting: RHB Manny Herrera 0-0: Called Strike
0-1: Ball
1-1: Ball
2-1: Ball
3-1: Called Strike
3-2: Strikes out looking
Bottom of the 8th over - 0 run(s), 0 hit(s), 0 error(s), 2 left on base; Kenosha 23 - Nashua 2
TOP OF THE 9TH
Kenosha Kingfish batting - Pitching for Nashua Redlegs : RHP Raúl Vallejo
Batting: LHB Davey Casey 0-0: Ball
1-0: Called Strike
1-1: Swinging Strike
1-2: Ball
2-2: Strikes out looking
Batting: RHB Sergio Mata 0-0: Ball
1-0: Foul Ball, location: 2F
1-1: SINGLE (Line Drive, 56D)
Batting: SHB Devin Smith 0-0: TRIPLE (Groundball, 5L)
Sergio Mata scores
Batting: LHB Dusty Wilson 0-0: Called Strike
0-1: Ball
1-1: Ball
2-1: Called Strike
2-2: Ball
3-2: Base on Balls
Batting: RHB Bob Lee 0-0: Called Strike
0-1: Called Strike
0-2: SINGLE (Groundball, 6M) (infield hit)
Devin Smith scores
Dusty Wilson to second
Batting: RHB Tommy Davenport 0-0: Called Strike
0-1: Foul Ball, location: 2F
0-2: Strikes out looking
Batting: RHB Manuel Gómez 0-0: SINGLE (Groundball, 4D)
Dusty Wilson to third
Bob Lee to second
Runner from 3rd tries for Home, SAFE, no throw
Batting: SHB John Beach 0-0: Ball
1-0: Swinging Strike
1-1: Foul Ball, location: 2F
1-2: Foul Ball, location: 2F
1-2: Foul Ball, location: 2F
1-2: SINGLE (Line Drive, 9LS)
Bob Lee to third
Manuel Gómez to second
Runner from 3rd tries for Home, SAFE, no throw
Pitching: LHP William Romero
Batting: LHB Jon Quinn 0-0: Called Strike
0-1: Called Strike
0-2: Foul Ball, location: 2F
0-2: Foul Ball, location: 2F
0-2: Ball
1-2: Ball
2-2: 3-RUN HOME RUN (Flyball, 7D), Distance : 362 ft
Batting: LHB Davey Casey 0-0: Ball
1-0: Fly out, F8 (Flyball, 8RM)
Top of the 9th over - 7 run(s), 6 hit(s), 0 error(s), 0 left on base; Kenosha 30 - Nashua 2
BOTTOM OF THE 9TH
Nashua Redlegs batting - Pitching for Kenosha Kingfish : RHP Aubrey Hudson
Batting: RHB José García 0-0: Called Strike
0-1: SINGLE (Flyball, 89S)
Batting: SHB José Flores 0-0: Ball
1-0: Foul Ball, location: 2F
1-1: Ball
2-1: Grounds into double play, 6-4-3 (Groundball, 6D)
Batting: RHB Katsuhito Ohayashi 0-0: Foul Ball, location: 2F
0-1: Ground out 6-3 (Groundball, 6)
Bottom of the 9th over - 0 run(s), 1 hit(s), 0 error(s), 0 left on base; Kenosha 30 - Nashua 2
Thursday, March 30th, 2017 - OOTP Baseball 17.12 Build 75